 Dungeon Crawl Stone Soup version 0.26.1-11-gd32895ea62 (webtiles) character file.

Game seed: 12595500082952150005

2335 ubername the Quickloader (level 9, -4/54 HPs)
             Began as a Kobold Hunter on July 16, 2021.
             Was an Initiate of Dithmenos.
             Splashed by a jelly's acid (6 damage)
             ... on level 6 of the Dungeon.
             The game lasted 00:24:43 (10203 turns).

ubername the Quickloader (Kobold Hunter)           Turns: 10203, Time: 00:24:44

Health: -4/54      AC: -3    Str: 12    XL:     9   Next: 70%
Magic:  16/16      EV: 19    Int: 13    God:    Dithmenos [......]
Gold:   288        SH:  0    Dex: 15    Spells: 16/17 levels left

rFire    . . .     SeeInvis .   b - +1 dagger (venom)
rCold    . . .     Faith    .   (shield restricted)
rNeg     . . .     Spirit   .   h - +0 ring mail
rPois    .         Reflect  .   g - +0 helmet
rElec    .         Harm     .   (no cloak)
rCorr    .         Rampage  .   (no gloves)
Will     .....                  v - +0 pair of boots
Stlth    ++........             (no amulet)
HPRegen  0.18/turn              k - +4 ring of evasion
MPRegen  0.15/turn              (no ring)

@: corroded
A: small, nightstalker 3
a: Renounce Religion


You were on level 6 of the Dungeon.
You worshipped Dithmenos.
Dithmenos was noncommittal.
You visited 2 branches of the dungeon, and saw 7 of its levels.

You collected 288 gold pieces.

Inventory:

Hand Weapons
 a - a +2 hand crossbow
 b - a +1 dagger of venom (weapon)
 i - a +1 dagger of speed
 l - a +0 short sword
Missiles
 d - 26 bolts
 o - 17 poisoned darts (quivered)
 p - 5 boomerangs
Armour
 g - a +0 helmet (worn)
 h - a +0 ring mail (worn)
 v - a +0 pair of boots (worn)
Jewellery
 k - a +4 ring of evasion (left hand)
Wands
 e - a wand of iceblast (9)
 t - a wand of random effects (20)
Scrolls
 f - 4 scrolls of identify
 s - 2 scrolls of remove curse
Potions
 c - 2 potions of haste
 m - a potion of lignification
 q - a potion of flight


   Skills:
 + Level 5.0 Fighting
 + Level 3.7 Short Blades
 + Level 9.6 Crossbows
 + Level 3.6 Armour
 + Level 3.9 Dodging
 + Level 2.6 Stealth
 * Level 4.9 Spellcasting
 * Level 3.9 Hexes
 + Level 1.2 Evocations


You had 16 spell levels left.
You knew the following spells:

 Your Spells              Type           Power        Failure   Level
a - Corona                Hex            14%          9%          1

Your spell library contained the following spells:

 Spells                   Type           Power        Failure   Level
 Slow                     Hex            13%          12%         2
 Confusing Touch          Hex            13%          24%         3
 Tukima's Dance           Hex            13%          24%         3
 Ensorcelled Hibernation  Hex/Ice        16%          26%         2
 Magic Dart               Conj           12%          38%         1
 Dazzling Flash           Conj/Hex       16%          47%         3
 Blink                    Tloc           N/A          52%         2
 Call Imp                 Summ           3%           52%         2
 Conjure Flame            Conj/Fire      3%           77%         3
 Mephitic Cloud           Conj/Pois/Air  3%           77%         3


Dungeon Overview and Level Annotations

Branches:
Dungeon (6/15)             Temple (1/1) D:6

Altars:
Ashenzari
Cheibriados
Dithmenos
Fedhas
Gozag
Hepliaklqana
Kikubaaqudgha
Makhleb
Nemelex Xobeh
Qazlal
Ru
Sif Muna
Trog
Uskayaw
Wu Jian
Xom
Yredelemnul
The Shining One

Shops:
D:5 (

Annotations:
D:4 exclusion: oklob plant
D:6 exclusion: oklob plant


Innate Abilities, Weirdness & Mutations

You are small and have problems with some larger weapons.
You are completely attuned to the shadows.


Message History

The jelly is lightly wounded.
The jelly hits you. The acid corrodes you!
You are splashed with acid!
You completely miss the jelly.
The jelly is lightly wounded.
The jelly hits you.
You are splashed with acid.
* * * LOW HITPOINT WARNING * * *
You hit the jelly but do no damage.
Your hands burn!
* * * LOW HITPOINT WARNING * * *
The jelly is lightly wounded.
The jelly barely misses you.
An ooze comes into view.
The jelly hits you.
* * * LOW HITPOINT WARNING * * *
You are splashed with acid.
* * * LOW HITPOINT WARNING * * *
The ooze quivers.
The jelly hits you.
* * * LOW HITPOINT WARNING * * *
The acid corrodes you!
You are splashed with acid.
You die...

#.⌠.#.⌠...⌠.#....................
#...#...#...#.............#######
##.##########.............#
#.##########.............#
#........................#
############.............#
#.............# #...J.........#
####@#######..# #.J# #.># ##.#
#### ##'## #...# #...# #.....#
#..P..# #PP...#


You could see a jelly and an ooze.

Vanquished Creatures
  Grinder (D:5)
  Prince Ribbit (D:5)
  Sigmund (D:2)
  2 sky beasts
  An ice beast (D:4)
  2 phantoms
  A centaur (D:5)
  Blork the orc (D:5)
  2 scorpions
  3 wights (D:6)
  A centaur zombie (D:3)
  2 orc priests (D:4)
  A hound (D:5)
  7 jellies
  A bullfrog skeleton (D:6)
  Natasha (thrice) (D:4)
  2 iguanas
  5 orc wizards
  2 worker ants
  A howler monkey skeleton (D:5)
  13 adders
  A shadow imp (D:6)
  An ufetubus (D:6)
  10 oozes
  An adder zombie (D:6)
  A dart slug (D:1)
  4 leopard geckos
  17 orcs
  4 ball pythons
  3 bats
  3 giant cockroaches
  7 hobgoblins
  11 jackals
  4 quokkas
  3 frilled lizards
  9 goblins
  11 kobolds
  2 leopard gecko zombies (D:6)
  6 rats
151 creatures vanquished.

Vanquished Creatures (others)
  28 fungi
  39 plants
67 creatures vanquished.

Grand Total: 218 creatures vanquished

Notes
Turn   | Place    | Note
-------+----------+-------------------------------------------
     0 | D:1      | ubername the Kobold Hunter began the quest for the Orb.
     0 | D:1      | Reached XP level 1. HP: 12/12 MP: 1/1
    55 | D:1      | Reached skill level 5 in Crossbows
   151 | D:1      | Reached XP level 2. HP: 17/17 MP: 2/2
   303 | D:1      | Reached XP level 3. HP: 21/21 MP: 3/3
   925 | D:2      | Reached XP level 4. HP: 27/27 MP: 3/5
   960 | D:2      | Reached skill level 6 in Crossbows
  1251 | D:2      | Noticed Sigmund
  1261 | D:2      | Killed Sigmund
  1262 | D:2      | Reached skill level 7 in Crossbows
  1262 | D:2      | Reached skill level 1 in Spellcasting
  1262 | D:2      | Reached XP level 5. HP: 18/32 MP: 5/7
  1262 | D:2      | Reached XP level 6. HP: 21/37 MP: 5/8
  1886 | D:2      | Learned a level 1 spell: Corona
  2940 | D:3      | Reached skill level 1 in Armour
  3492 | D:4      | Noticed a phantom
  3724 | D:5      | Entered Level 5 of the Dungeon
  3974 | D:4      | Reached XP level 7. HP: 41/41 MP: 10/10
  4453 | D:4      | Noticed Natasha
  4457 | D:4      | Killed Natasha
  4737 | D:4      | Noticed Natasha
  5031 | D:3      | Reached skill level 1 in Hexes
  5265 | D:4      | Noticed an oklob plant
  5269 | D:4      | Found a blossoming altar of Fedhas.
  5330 | D:4      | Reached skill level 8 in Crossbows
  5502 | D:4      | Killed Natasha
  5524 | D:4      | Reached XP level 8. HP: 48/48 MP: 10/12
  5547 | D:4      | Noticed Natasha
  5550 | D:4      | Killed Natasha
  6242 | D:5      | Noticed Grinder
  7620 | D:5      | Noticed Prince Ribbit
  7644 | D:5      | Noticed Blork the orc
  7651 | D:5      | Killed Blork the orc
  7804 | D:5      | Found Ydotoib's Antique Weapon Boutique.
  7858 | D:5      | Killed Prince Ribbit
  7907 | D:5      | Reached skill level 9 in Crossbows
  7907 | D:5      | Reached XP level 9. HP: 47/52 MP: 12/14
  7946 | D:5      | Found a hide-covered altar of Uskayaw.
  8052 | D:5      | Paralysed by Grinder for 4 turns
  8146 | D:5      | Killed Grinder
  8302 | D:6      | Reached skill level 1 in Evocations
  9314 | D:6      | Found a staircase to the Ecumenical Temple.
  9369 | Temple   | Entered the Ecumenical Temple
  9541 | Temple   | Became a worshipper of Dithmenos the Shadowed
  9596 | D:6      | Reached skill level 5 in Fighting
  9616 | D:6      | Noticed an oklob plant
 10203 | D:6      | HP: 2/54 [jelly (2)]
 10203 | D:6      | Splashed by a jelly's acid

Illustrated notes

Levels and vault maps discovered:
D:1:      mrwooster_arrival_statue, layout_loops_cross
D:2:      layout_basic, minmay_pentomino_q4, uniq_sigmund
D:3:      layout_loops_ring, minmay_box_of_dots
D:4:      layout_cave_pools, tgw_fedhas, uniq_natasha
D:5:      layout_loops_ring, grunt_temple_overflow_open, serial_shops,
          nicolae_shop_overgrown_old_shop, minmay_diced_spiral,
          uniq_prince_ribbit1, uniq_blork_the_orc, uniq_grinder
D:6:      lemuel_slime, layout_basic, minmay_temple_entry_nine_rooms
Temple:   regret_index_temple_mists

Skill      XL: |  1  2  3  4  5  6  7  8  9 |
---------------+----------------------------+-----
Crossbows      | 5 7 8 9 |  9.6
Dodging        | 3 |  3.9
Fighting       | 3 4 5 |  5.0
Spellcasting   | 1 2 3 4 |  4.9
Short Blades   | 2 3 |  3.7
Armour         | 1 2 3 |  3.6
Hexes          | 1 2 3 |  3.9
Stealth        | 2 |  2.6
Evocations     | 1 |  1.2

Action                   |  1- 3 |  4- 6 |  7- 9 || total
-------------------------+-------+-------+-------++-------
Melee: Dagger            |       |    80 |   180 ||   260
 Fire: Hand crossbow     |    46 |    79 |   249 ||   374
Throw: Dart              |       |       |     1 ||     1
 Cast: Corona            |       |     1 |    12 ||    13
Evoke: Wand              |       |       |     7 ||     7
  Use: Scroll            |       |     4 |    10 ||    14
       Potion            |       |       |    11 ||    11
Armor: Ring mail         |     2 |    27 |    50 ||    79
       Skin              |       |       |    13 ||    13
Dodge: Dodged            |     3 |    52 |   214 ||   269
